 Dungeon Crawl Stone Soup version 0.27.1 (webtiles) character file.

Game seed: 9720491889565453433

55 dtburroughs the Chopper (level 3, 0/33 HPs)
             Began as a Minotaur Berserker on Aug 22, 2021.
             Was a Believer of Trog.
             Slain by Sigmund (5 damage)
             ... on level 2 of the Dungeon.
             The game lasted 00:03:53 (1264 turns).

dtburroughs the Chopper (Minotaur Berserker)        Turns: 1264, Time: 00:03:53

Health: 0/33       AC:  6    Str: 21    XL:     3   Next: 67%
Magic:  2/2        EV: 11    Int:  5    God:    Trog [**....]
Gold:   121        SH:  0    Dex:  9    Spells: 2/2 levels left

rFire    + . .     SeeInvis .   a - +0 hand axe
rCold    + + .     Faith    .   (no shield)
rNeg     . . .     Spirit   .   c - +0 ring mail {rC+}
rPois    .         Reflect  .   (helmet restricted)
rElec    .         Harm     .   f - scarf {rC+ rF+}
rCorr    .         Rampage  .   i - +0 pair of gloves
Will     .....                  (no boots)
Stlth    ..........             (no amulet)
HPRegen  0.11/turn              g - +4 ring of slaying
MPRegen  0.08/turn              (no ring)

@: confused
A: horns 2, retaliatory headbutt
a: Renounce Religion, Berserk, Trog's Hand


You were on level 2 of the Dungeon.
You worshipped Trog.
Trog was pleased with you.
You visited 1 branch of the dungeon, and saw 2 of its levels.

You collected 121 gold pieces.

Inventory:

Hand Weapons
 a - a +0 hand axe (weapon)
Armour
 b - a +0 animal skin
 c - a +0 ring mail of cold resistance (worn)
 f - a scarf of resistance (worn)
 i - a +0 pair of gloves (worn)
Jewellery
 g - a +4 ring of slaying (left hand)
Scrolls
 d - a scroll of silence {unknown}
 h - 2 scrolls of teleportation {unknown}
Potions
 e - a potion of haste {unknown}
 j - a potion of attraction {unknown}


   Skills:
 + Level 4.2 Fighting
 + Level 4.2 Axes
 + Level 3.2 Armour
 + Level 3.0 Dodging


You had 2 spell levels left.
You didn't know any spells.
Your spell library was empty.

Dungeon Overview and Level Annotations

Branches:
Dungeon (2/15)

Altars:

Annotations:
D:2 Sigmund


Innate Abilities, Weirdness & Mutations

You have a pair of horns on your head.
You reflexively headbutt those who attack you in melee.


Message History

The adder hisses angrily.
A worm and a giant cockroach come into view.
Sigmund the Dreaded comes into view.
He is wielding a +4 scythe of protection.
Found a scroll labelled VYTYCOIXTU.
Sigmund shouts!
Sigmund points at you and mumbles some strange words.
The magic dart hits you.
You closely miss the adder. The adder closely misses you.
You barely miss the adder. The adder closely misses you.
The adder bites you but does no damage.
You hit the adder but do no damage. You headbutt the adder!
You kill the adder!
Trog accepts your kill.
You closely miss the giant cockroach.
Sigmund points at you and mumbles some strange words.
The magic dart hits you!
The giant cockroach completely misses you.
Your Dodging skill increases to level 3!
The giant cockroach barely misses you. The giant cockroach bites you.
You hit the giant cockroach but do no damage.
You headbutt the giant cockroach.
You kill the giant cockroach!
Trog accepts your kill.
You hit the worm. The worm bites you but does no damage.
Sigmund points at you and mumbles some strange words.
You are confused.
You're too confused to move!
The worm barely misses you. Sigmund gestures at you while chanting.
You are more confused.
You hit the worm. You headbutt the worm.
The worm is almost dead.
Sigmund casts a spell at you. The magic dart hits you! The worm bites you!
* * * LOW HITPOINT WARNING * * *
You are too confused!
You slash the worm!
You kill the worm!
Trog accepts your kill.
Sigmund hits you from afar with a +4 scythe of protection.
You die...

#..................
####... #.#.#.######.##.?#
#### #.#.#.# #.##..#
#.#.#.# #.##..#
#.#..#.#####.##..#
#..........####..
#....##@.......
#.#............
##.#.###@######.
####....###.#
.....#......#
####....##### #.#
####....#########.# #
................##.# .#
###
....>....######.##.####.#.
..) .######...
#............# ### #####
###............>


You could see Sigmund.

Vanquished Creatures
  An adder (D:2)
  2 worms (D:2)
  3 bats (D:1)
  5 endoplasms
  A giant cockroach (D:2)
  3 goblins
  7 hobgoblins
  3 jackals (D:1)
  4 kobolds (D:1)
  2 quokkas (D:2)
  6 ball pythons
  3 frilled lizards (D:1)
40 creatures vanquished.

Notes
Turn   | Place    | Note
-------+----------+-------------------------------------------
     0 | D:1      | dtburroughs the Minotaur Berserker began the quest for the
                  | Orb.
     0 | D:1      | Reached XP level 1. HP: 19/19 MP: 0/0
   246 | D:1      | Reached XP level 2. HP: 27/27 MP: 1/1
   773 | D:1      | Reached XP level 3. HP: 30/33 MP: 2/2
  1204 | D:2      | Reached ** piety under Trog
  1255 | D:2      | Noticed Sigmund
  1264 | D:2      | Slain by Sigmund

Illustrated notes

Levels and vault maps discovered:
D:1:      lightli_arrival_lavapool, layout_basic, serial_corexii_hall,
          corexii_hall_statues_i, corexii_hall_statues_t, minmay_misc_feat_iff
D:2:      layout_loops_ring, uniq_sigmund

Skill      XL: |  1  2  3 |
---------------+----------+-----
Fighting       | 4 |  4.2
Axes           | 4 |  4.2
Armour         | 3 |  3.2
Dodging        | 3 |  3.0

Action                   || total
-------------------------++-------
Melee: Hand axe          ||    71
       Headbutt          ||    15
Armor: Ring mail         ||    30
       Animal skin       ||     1
Dodge: Dodged            ||    66
